 Dungeon Crawl Stone Soup version 0.29-a0-271-gd4eb659eea (webtiles) character file.

Game seed: 15251755471391968164

238 Leszczynek the Stinger (level 6, -14/44 HPs)
             Began as a Gnoll Venom Mage on Mar 8, 2022.
             Was a Believer of Lugonu.
             Demolished by an ogre
             ... wielding a +0 giant spiked club
              (23 damage)
             ... on level 5 of the Dungeon.
             The game lasted 00:24:54 (1766 turns).

Leszczynek the Stinger (Gnoll Venom Mage)           Turns: 1766, Time: 00:24:54

Health: -14/44     AC:  3    Str:  7    XL:     6   Next: 7%
Magic:  1/13       EV: 13    Int: 17    God:    Lugonu [**....]
Gold:   112        SH:  0    Dex: 12    Spells: 12/15 levels left

rFire   . . .      SeeInvis .   m - +1 quarterstaff
rCold   + . .      Faith    .   (shield currently unavailable)
rNeg    . . .      Spirit   .   a - +0 robe
rPois   +          Reflect  .   e - +0 helmet
rElec   .          Harm     .   (no cloak)
rCorr   .          Rampage  .   (no gloves)
Will    .....                   (no boots)
Stlth   +++.......              (no amulet)
HPRegen 0.14/turn               w - ring of poison resistance
MPRegen 0.13/turn               x - ring of protection from cold

@: no status effects
A: fangs 1, strong nose, distributed training
a: Renounce Religion, Depart the Abyss, Bend Space


You were on level 5 of the Dungeon.
You worshipped Lugonu.
Lugonu was pleased with you.
You visited 1 branch of the dungeon, and saw 5 of its levels.

You collected 112 gold pieces.

Inventory:

Hand Weapons
 h - a +0 spear
 m - a +1 quarterstaff (weapon)
 r - a +0 long sword
 t - a +1 vorpal hunting sling
Armour
 a - a +0 robe (worn)
 e - a +0 helmet (worn)
 p - a +0 buckler
Jewellery
 j - a ring of fire
 w - a ring of poison resistance (left hand)
 x - a ring of protection from cold (right hand)
Wands
 o - a wand of flame (20)
Scrolls
 c - 2 scrolls of vulnerability {!r}
 d - a scroll of brand weapon {unknown}
 f - a scroll of blinking {unknown}
 g - a scroll of fear {unknown}
 i - a scroll of enchant weapon
 l - 2 scrolls of teleportation
 q - 2 scrolls of fog {unknown}
 u - a scroll of identify {unknown}
Potions
 b - a potion of magic
 k - 2 potions of mutation {unknown}
 n - a potion of lignification {unknown}
 s - a potion of berserk rage {unknown}
 v - a potion of heal wounds {unknown}
 z - a potion of haste {unknown}


   Skills:
 + Level 1.8 Fighting
 + Level 1.8 Short Blades
 + Level 1.8 Long Blades
 + Level 1.8 Axes
 + Level 1.8 Maces & Flails
 + Level 1.8 Polearms
 + Level 1.8 Staves
 + Level 1.8 Slings
 + Level 1.8 Bows
 + Level 1.8 Crossbows
 + Level 1.8 Throwing
 + Level 1.8 Armour
 + Level 4.9 Dodging
 + Level 4.5 Stealth
 + Level 1.8 Shields
 + Level 1.8 Unarmed Combat
 + Level 5.3 Spellcasting
 + Level 1.4 Conjurations
 + Level 1.4 Hexes
 + Level 1.4 Summonings
 + Level 1.4 Necromancy
 + Level 1.4 Translocations
 + Level 2.5 Transmutations
 + Level 1.4 Fire Magic
 + Level 1.4 Ice Magic
 + Level 1.4 Air Magic
 + Level 1.4 Earth Magic
 + Level 5.6 Poison Magic
 + Level 2.0 Invocations
 + Level 1.8 Evocations


You had 12 spell levels left.
You knew the following spells:

 Your Spells              Type           Power      Damage    Failure   Level
a - Sting                 Tmut/Pois      72%        1d6       2%          1
b - Poisonous Vapours     Pois/Air       32%        N/A       4%          2

Your spell library contained the following spells:

 Spells                   Type           Power      Damage    Failure   Level
 Mephitic Cloud           Conj/Pois/Air  14%        N/A       13%         3
 Olgreb's Toxic Radiance  Pois           23%        N/A       14%         4


Dungeon Overview and Level Annotations

Branches:
Dungeon (5/15)
 Temple: D:4-7

Altars:
Nemelex Xobeh
Wu Jian
Lugonu

Annotations:
D:2 Sigmund


Innate Abilities, Weirdness & Mutations

You have very sharp teeth.
Your uncanny sense of smell can sniff out nearby items.
Your experience applies equally to all skills.


Message History

Aim: an ogre, wielding a +0 giant spiked club Poisonous vapours surround the ogre!
The ogre is poisoned.
Casting: Poisonous Vapours (safe; 4% risk of failure)
Confirm with . or Enter, or press ? or * to list all spells.
Aiming: Poisonous Vapours (safe; 4% risk of failure)
Press: ? - help, Dir - move target, f/p - ogre
Aim: an ogre, wielding a +0 giant spiked club (poisoned) Poisonous vapours surround the ogre!
The ogre looks even sicker.
Casting: Poisonous Vapours (safe; 4% risk of failure)
Confirm with . or Enter, or press ? or * to list all spells.
Aiming: Poisonous Vapours (safe; 4% risk of failure)
Press: ? - help, Dir - move target, f/p - ogre
Aim: an ogre, wielding a +0 giant spiked club (very poisoned) Poisonous vapours surround the ogre!
The ogre looks even sicker.
Casting: Poisonous Vapours (safe; 4% risk of failure)
Confirm with . or Enter, or press ? or * to list all spells.
Aiming: Sting (safe; 2% risk of failure)
Press: ? - help, Shift-Dir - straight line, f/p - ogre
Aim: an ogre, wielding a +0 giant spiked club (lightly wounded, very poisoned, 88% to hit)
The sting hits the ogre.
The ogre looks even sicker.
The ogre is moderately wounded.
There is an escape hatch in the ceiling here.
Casting: Sting (safe; 2% risk of failure)
Confirm with . or Enter, or press ? or * to list all spells.
Aiming: Sting (safe; 2% risk of failure)
Press: ? - help, Shift-Dir - straight line, f/p - ogre
Aim: an ogre, wielding a +0 giant spiked club (heavily wounded, very poisoned, 88% to hit)
The sting hits the ogre.
The ogre looks even sicker.
The ogre is severely wounded.
You hit the ogre.
The ogre is severely wounded.
The ogre hits you with a +0 giant spiked club!!
Ouch! That really hurt!
* * * LOW HITPOINT WARNING * * *
Unknown command.
You hit the ogre but do no damage. You bite the ogre, but do no damage.
The ogre is almost dead.
The ogre hits you with a +0 giant spiked club!!
Ouch! That really hurt!
You die...

∆ ##### #
##############...## ###.
#.............###)##
....#####.#####..###.##
##.### #................#.#
#...# #.#.........#......#
#.#.# #.#.........#.....)##
#...# #.#..#.#......O@..#.##
##.<##
#.#..#.##...#.....##.###.#[#
#.#..#.##.........###...##.#
##.#..)....#.#.....#
######.#
...........#.#.....# #.#
.....##.#.##.......# #.#
.....##.#.####.....# #.#
####.#..#.# #.....# ##.#
#.#)##.# ######## #..#


You could see an ogre (very poisoned).

Vanquished Creatures
  A scorpion (D:5)
  A hound (D:5)
  An iguana (D:5)
  An orc wizard (D:5)
  3 gnolls (D:4)
  2 adders
  A worm (D:4)
  3 dart slugs
  4 orcs (D:5)
  6 ball pythons
  3 endoplasms
  2 giant cockroaches
  3 goblins
  A hobgoblin (D:1)
  3 jackals (D:1)
  4 kobolds
  A bat (D:3)
  A frilled lizard (D:1)
  A rat (D:1)
42 creatures vanquished.

Notes
Turn   | Place    | Note
-------+----------+-------------------------------------------
     0 | D:1      | Leszczynek the Gnoll Venom Mage began the quest for the
                  | Orb.
     0 | D:1      | Reached XP level 1. HP: 13/13 MP: 6/6
    33 | D:1      | Reached skill level 2 in Transmutations
    58 | D:1      | Reached XP level 2. HP: 19/19 MP: 4/7
    67 | D:1      | wow this start is even worse than before
    67 | D:1      | maybe increase sting range, hmmmmm?
    67 | D:1      | range 3 lol
    67 | D:1      | you literally have one shot
    67 | D:1      | second shot equals unsafe kiting already
   105 | D:1      | Found a faded altar of an unknown god.
   114 | D:1      | Prayed at the altar of an unknown god.
   114 | D:1      | Became a worshipper of Lugonu the Unformed
   114 | D:1      | Reached * piety under Lugonu
   114 | D:1      | Reached ** piety under Lugonu
   115 | D:1      | uh huh
   115 | D:1      | bend space doesn't cost piety?
   115 | D:1      | so it's a god blink?
   293 | D:1      | Learned a level 2 spell: Poisonous Vapours
   403 | D:2      | Noticed Sigmund
   444 | D:2      | Reached XP level 3. HP: 25/25 MP: 3/9
   538 | D:3      | Reached skill level 5 in Spellcasting
   597 | D:3      | Found a sparkling altar of Nemelex Xobeh.
   597 | D:3      | Found an ornate altar of the Wu Jian Council.
   629 | D:3      | Reached skill level 1 in Invocations
   799 | D:3      | You fall into a shaft and drop 1 floor!
   898 | D:4      | Reached skill level 1 in Fighting
   898 | D:4      | Reached skill level 1 in Short Blades
   898 | D:4      | Reached skill level 1 in Long Blades
   898 | D:4      | Reached skill level 1 in Axes
   898 | D:4      | Reached skill level 1 in Maces & Flails
   898 | D:4      | Reached skill level 1 in Polearms
   898 | D:4      | Reached skill level 1 in Staves
   898 | D:4      | Reached skill level 1 in Slings
   898 | D:4      | Reached skill level 1 in Bows
   898 | D:4      | Reached skill level 1 in Crossbows
   898 | D:4      | Reached skill level 1 in Throwing
   898 | D:4      | Reached skill level 1 in Armour
   898 | D:4      | Reached skill level 1 in Shields
   898 | D:4      | Reached skill level 1 in Unarmed Combat
   898 | D:4      | Reached skill level 1 in Evocations
   898 | D:4      | Reached XP level 4. HP: 29/32 MP: 1/11
  1046 | D:4      | Noticed a necrophage
  1123 | D:4      | man, bend space is useful
  1237 | D:5      | Entered Level 5 of the Dungeon
  1283 | D:5      | Reached skill level 1 in Conjurations
  1283 | D:5      | Reached skill level 1 in Hexes
  1283 | D:5      | Reached skill level 1 in Summonings
  1283 | D:5      | Reached skill level 1 in Necromancy
  1283 | D:5      | Reached skill level 1 in Translocations
  1283 | D:5      | Reached skill level 1 in Fire Magic
  1283 | D:5      | Reached skill level 1 in Ice Magic
  1283 | D:5      | Reached skill level 1 in Air Magic
  1283 | D:5      | Reached skill level 1 in Earth Magic
  1369 | D:4      | Reached XP level 5. HP: 37/37 MP: 1/12
  1403 | D:5      | Noticed a sky beast
  1516 | D:5      | Noticed an ogre
  1704 | D:5      | Reached skill level 2 in Invocations
  1704 | D:5      | Reached XP level 6. HP: 34/44 MP: 0/13
  1765 | D:5      | Ouch! That really hurt!
  1766 | D:5      | Ouch! That really hurt!
  1766 | D:5      | Demolished by an ogre

Illustrated notes .# .# .###### .#######......# .......h# ..#####)# #.# # #.#####.# #..††@..# #..###### #..# #..### #..#.♣♣♣ #......♣♣ #.......♣♣ #........♣ #........♣♣ Turn 67 on D:1: wow this start is even worse than before #...# #..# #...# ##..# #...# ##### #...### ...# ##...###..... #..# #..#..#..#..## #..# #.###...###... #..# #.(#..#..#...# #.#### ##...###...#.# #..^@###...## ##.##.# #.#####.....###...#.# #.........#.....#...# #.#......###...###..# #.#.......#..#..#...# ..#######...###...#.# #..# ##### #####.# #..# .# ..># Turn 115 on D:1: uh huh

#... ## ##. . #... ....##.##.##.#
... .. #..# .............. ....
..##... .....#...#.##
(...###....#..
#...#......##....##.. #...
##..........#.....##..###...
#...............#.#....#....
#..........@................ ###
#......................##...
..####...................<..#..#.
...............................#.
............................#....
.....##.............#.......#....
.)..###.........#######.....#....
..#...#..##....## #.....###..
.##..##..###..### #.....##...


Turn 1123 on D:4: man, bend space is useful

Levels and vault maps discovered:
D:1:      sevenhm_arrival_forest_fort_large_4, layout_basic,
          hellmonk_ecumenical_altar_leap_of_faith, minmay_strange_pillars
D:2:      layout_basic, basic_altar, uniq_sigmund
D:3:      layout_loops_corners, nicolae_overflow_hidden_temple, uniq_ijyb
D:4:      layout_cave_pools, kennysheep_generic_room_10
D:5:      layout_loops_cross, serial_shops, shop

Skill      XL: |  1  2  3  4  5 |
---------------+----------------+-----
Transmutations | 2 |  2.5
Spellcasting   | 5 |  5.3
Invocations    | 1 2 |  2.0
Fighting       | 1 |  1.8
Short Blades   | 1 |  1.8
Long Blades    | 1 |  1.8
Axes           | 1 |  1.8
Maces & Flails | 1 |  1.8
Polearms       | 1 |  1.8
Staves         | 1 |  1.8
Slings         | 1 |  1.8
Bows           | 1 |  1.8
Crossbows      | 1 |  1.8
Throwing       | 1 |  1.8
Armour         | 1 |  1.8
Shields        | 1 |  1.8
Unarmed Combat | 1 |  1.8
Evocations     | 1 |  1.8
Conjurations   | 1 |  1.4
Hexes          | 1 |  1.4
Summonings     | 1 |  1.4
Necromancy     | 1 |  1.4
Translocations | 1 |  1.4
Fire Magic     | 1 |  1.4
Ice Magic      | 1 |  1.4
Air Magic      | 1 |  1.4
Earth Magic    | 1 |  1.4
Dodging        | |  4.9
Stealth        | |  4.5
Poison Magic   | |  5.6

Action                   |  1- 3 |  4- 6 || total
-------------------------+-------+-------++-------
Melee: Club              |     6 |       ||     6
       Spear             |     6 |       ||     6
       Quarterstaff      |       |    12 ||    12
       Bite              |       |     1 ||     1
 Fire: Hunting sling     |       |    33 ||    33
 Cast: Sting             |    35 |    26 ||    61
       Poisonous Vapours |    13 |    23 ||    36
Invok: Bend Space        |       |     4 ||     4
  Use: Scroll            |       |     4 ||     4
 Stab: Sleeping          |     1 |       ||     1
Armor: Robe              |     4 |     4 ||     8
Dodge: Dodged            |    14 |    16 ||    30

Table legend: (Time is in decaauts)
 A = Elapsed time spent in this place.
 B = Non-inter-level travel time spent in this place.
 C = Inter-level travel time spent in this place.
 D = Time resting spent in this place.
 E = Time spent auto-exploring this place.
 F = Levels seen in this place.
 G = Mean time per level.
                   A        B        C        D        E       F      G
               +--------+--------+--------+--------+--------+-----+--------+
         Total |   1789 |   1676 |    113 |      0 |      0 |   5 |  357.8 |
       Dungeon |   1789 |   1676 |    113 |      0 |      0 |   5 |  357.8 |
               +--------+--------+--------+--------+--------+-----+--------+

Top non-repeatable levels by time:
     D:4: 512 daAuts
     D:5: 445 daAuts
     D:1: 373 daAuts
     D:3: 327 daAuts
     D:2: 130 daAuts
